AoeStats
← ccereal

Lombardia

510084710Analyzed
2v2 RM · 3d ago on Sep 29, 2026· 99m 6s· 4 players
Game mode
Random Map
Map size
Medium (4 player)
Population
200
Speed
Normal
Resources
Standard
Victory
Conquest
Starting age
Dark Age
Ending age
Imperial Age
RankedLock teamsTeams togetherTeam positionsShared explorationLock speedFull tech treeHidden civsTurbo modeCheats
Victory
Defeat
🇬🇧 Burmese · United Kingdom
1630
+13
🇲🇼 Sicilians · Malawi
1500
+20
🇫🇷 Bengalis · France
1605
-18
🇫🇷 Maya · France
1531
-15
Tommerd
11:18 Feudal Age
15:07 Castle Age
13:09 Horse Collar
14:06 Double-Bit Axe
17:01 Loom
22:06 Heavy Plow
25:16 Wheelbarrow
24:27 Town Watch
29:24 Imperial Age
26:45 Pikeman
27:31 Scale Mail Armor
28:12 Bow Saw
28:41 Chain Mail Armor
28:39 Forging
29:38 Squires
29:23 Arson
30:37 Plate Mail Armor
31:12 First Crusade
30:39 Halberdier
32:54 Iron Casting
33:41 Crop Rotation
34:11 Conscription
34:22 Hand Cart
34:43 Siege Engineers
34:26 Elite Serjeant
34:57 Onager
36:01 Ballistics
36:13 Caravan
38:57 Siege Onager
42:37 Chemistry
42:40 Blast Furnace
41:30 Fletching
42:35 Coinage
43:48 Bodkin Arrow
46:21 Masonry
47:05 Banking
51:23 Bracer
66:44 Town Patrol
66:36 Gambesons
66:12 Man-at-Arms
73:51 Capped Ram
80:40 Siege Ram
81:30 Murder Holes
81:23 Arrowslits
82:15 Hoardings
82:14 Long Swordsman
83:03 Two-Handed Swordsman
86:07 Champion
Reilled
7:45 Loom
11:35 Feudal Age
16:36 Castle Age
15:57 Horse Collar
18:45 Padded Archer Armor
18:48 Heavy Plow
21:34 Town Watch
25:04 Forging
26:54 Bloodlines
26:44 Husbandry
35:36 Imperial Age
34:36 Iron Casting
35:14 Wheelbarrow
37:28 Conscription
37:04 Elite Arambai
39:49 Hand Cart
40:41 Scale Barding Armor
40:07 Elite Arambai
41:04 Caravan
41:53 Gold Mining
44:07 Blast Furnace
43:11 Cavalier
44:15 Chain Barding Armor
44:20 Onager
49:38 Elite Battle Elephant
52:15 Plate Barding Armor
57:00 Howdah
58:41 Light Cavalry
60:39 Manipur Cavalry
61:16 Hussar
62:35 Gold Shaft Mining
69:56 Fortified Wall
77:19 Town Patrol
85:34 Chemistry
84:52 Capped Ram
90:11 Gold Shaft Mining
90:29 Guilds
90:49 Coinage
92:59 Siege Engineers
95:10 Banking
99:21 Fletching
99:43 Masonry
Flybidi
0:26 Loom
9:58 Feudal Age
13:58 Castle Age
12:20 Double-Bit Axe
12:35 Horse Collar
15:27 Bow Saw
18:55 Squires
19:22 Eagle Warrior
20:58 Scale Mail Armor
21:05 Arson
22:23 Forging
22:35 Gold Mining
23:50 Wheelbarrow
23:42 Chain Mail Armor
26:53 Hand Cart
26:40 Heavy Plow
28:08 Stone Mining
33:36 Imperial Age
33:47 Iron Casting
33:02 Fletching
33:53 Stone Shaft Mining
34:56 Holcans
35:32 Plate Mail Armor
34:54 Elite Eagle Warrior
35:57 Bodkin Arrow
38:08 Two-Man Saw
37:39 Crop Rotation
37:55 Conscription
38:45 Blast Furnace
37:48 Bracer
40:36 Chemistry
39:57 Ballistics
40:36 Caravan
40:35 Elite Plumed Archer
41:57 Padded Archer Armor
42:58 Blast Furnace
42:11 Pikeman
43:01 Man-at-Arms
43:04 Halberdier
44:01 Leather Archer Armor
49:46 Guilds
64:40 Town Watch
65:43 Coinage
66:03 Capped Ram
68:15 Siege Ram
80:04 Banking
82:50 Onager
84:53 Onager
88:48 Ring Archer Armor
ccereal
8:11 Loom
10:30 Feudal Age
12:12 Double-Bit Axe
15:29 Castle Age
13:45 Horse Collar
14:30 Fletching
17:55 Bow Saw
19:08 Bodkin Arrow
20:39 Bloodlines
23:36 Padded Archer Armor
24:54 Wheelbarrow
25:09 Husbandry
37:17 Imperial Age
36:29 Gold Mining
37:26 Ballistics
37:47 Leather Archer Armor
38:15 Bracer
39:17 Chemistry
38:29 Elite Elephant Archer
42:19 Heavy Plow
42:56 Gold Shaft Mining
44:14 Ring Archer Armor
51:12 Siege Elephant
52:32 Stone Mining
53:43 Two-Man Saw
54:35 Caravan
58:58 Crop Rotation
59:21 Conscription
61:27 Scale Barding Armor
61:33 Forging
61:20 Light Cavalry
64:48 Hand Cart
66:04 Chain Barding Armor
79:24 Iron Casting
79:28 Plate Barding Armor
88:46 Blast Furnace
87:47 Onager
92:51 Masonry
92:53 Fortified Wall
Connection lost

Rejoining the realm…

Still unreachable

The connection could not be restored.

Session expired

The server has moved on; the page needs a fresh start.